APP
HELENA BREWERS @ SAN FRANCISCO (APP) GIANTS
09/04/2047
 
TOP OF THE 1ST
Helena Brewers batting - Pitching for San Francisco (APP) Giants : RHP Carlos Solis
Pitching: RHP Carlos Solis
Batting: RHB Mohammed bin Ubaida 0-0: Ball
1-0: Ball
2-0: Called Strike
2-1: Ground out 5-3 (Groundball, 5L, EV 108.8 MPH)
Batting: RHB Steve Errico 0-0: Called Strike
0-1: Ball
1-1: Ball
2-1: Swinging Strike
2-2: Foul Ball, location: 2F
2-2: Ball
3-2: Base on Balls
Batting: LHB Mark Backstrom 0-0: Ball
1-0: Foul Ball, location: 2F
1-1: Ball
2-1: Ball
3-1: Called Strike
3-2: Strikes out looking
Batting: RHB Jeremy Harden 0-0: Foul Ball, location: 2F
0-1: Ball
1-1: Ball
2-1: Foul Ball, location: 2F
2-2: Foul Ball, location: 2F
2-2: Fly out, F9 (Flyball, 89M, EV 78.1 MPH)
Top of the 1st over - 0 runs, 0 hits, 0 errors, 1 left on base; Helena 0 - San Francisco (APP) 0
BOTTOM OF THE 1ST
San Francisco (APP) Giants batting - Pitching for Helena Brewers : RHP Junzo Yanagisawa
Pitching: RHP Junzo Yanagisawa
Batting: RHB Coen Dirks 0-0: Called Strike
0-1: Ball
1-1: Ball
2-1: Called Strike
2-2: Ball
3-2: Single, Error in OF, E7, batter to second base (Groundball, 56D, EV 105.6 MPH)
Batting: RHB Ryan Roberts 0-0: Called Strike
0-1: Ball
1-1: Ball
2-1: Foul Ball, location: 2F
2-2: Strikes out swinging
Batting: RHB Brian Rogers 0-0: Called Strike
0-1: Ball
1-1: Foul Ball, location: 2F
1-2: Foul Ball, location: 2F
1-2: Ball
2-2: Ball
3-2: Base on Balls
Batting: RHB Edwin Verdugo 0-0: Fielders Choice at 2nd, 6-4 (Groundball, 56, EV 105.6 MPH)
Coen Dirks to third
Batting: RHB Billy Pranger 0-0: Called Strike
0-1: Foul Ball, location: 2F
0-2: Strikes out swinging
Bottom of the 1st over - 0 runs, 1 hit, 1 error, 2 left on base; Helena 0 - San Francisco (APP) 0
TOP OF THE 2ND
Helena Brewers batting - Pitching for San Francisco (APP) Giants : RHP Carlos Solis
Batting: LHB Greg Reedy 0-0: Swinging Strike
0-1: Ball
1-1: Called Strike
1-2: Ball
2-2: Ball
3-2: SINGLE (Groundball, 4D, EV 109.4 MPH)
Batting: RHB Tony Beaumond 0-0: Ball
1-0: Swinging Strike
1-1: Swinging Strike
1-2: Strikes out swinging
Batting: LHB Danny Bautista 0-0: Swinging Strike
0-1: Ball
Wild Pitch!
Greg Reedy to second
1-1: Swinging Strike
1-2: Strikes out swinging
Batting: LHB Jose Simental 0-0: Foul Ball, location: 2F
0-1: Ball
1-1: Ball
2-1: Ground out 4-3 (Groundball, 4S, EV 90.0 MPH)
Top of the 2nd over - 0 runs, 1 hit, 0 errors, 1 left on base; Helena 0 - San Francisco (APP) 0
BOTTOM OF THE 2ND
San Francisco (APP) Giants batting - Pitching for Helena Brewers : RHP Junzo Yanagisawa
Batting: LHB Steve Nevis 0-0: Ball
1-0: Ball
2-0: Called Strike
2-1: Ball
3-1: Base on Balls
Batting: RHB Zach Maguire 0-0: Called Strike
0-1: Swinging Strike
0-2: Strikes out looking
Batting: RHB Teruhide Horiuchi 0-0: Called Strike
0-1: Ball
1-1: Ball
2-1: Fly out, F8 (Flyball, 8LD, EV 100.6 MPH)
Batting: RHB Joe Nelson 0-0: Ball
1-0: Called Strike
Steve Nevis steals 2nd base
1-1: Ball
2-1: Foul Ball, location: 2F
2-2: Strikes out swinging
Bottom of the 2nd over - 0 runs, 0 hits, 0 errors, 1 left on base; Helena 0 - San Francisco (APP) 0
TOP OF THE 3RD
Helena Brewers batting - Pitching for San Francisco (APP) Giants : RHP Carlos Solis
Batting: RHB Jesus Menjivar 0-0: Called Strike
0-1: Ball
1-1: Ball
2-1: Ball
3-1: Base on Balls
Batting: RHB Mohammed bin Ubaida 0-0: Fielders Choice at 2nd, 6-4 (Groundball, 6M, EV 78.1 MPH)
Now at 2B: Josh Truell
Batting: RHB Steve Errico 0-0: Ball
1-0: Called Strike
1-1: Swinging Strike
1-2: Ball
2-2: Strikes out swinging
Batting: LHB Mark Backstrom 0-0: Called Strike
0-1: Swinging Strike
0-2: Ball
1-2: Strikes out looking
Top of the 3rd over - 0 runs, 0 hits, 0 errors, 1 left on base; Helena 0 - San Francisco (APP) 0
BOTTOM OF THE 3RD
San Francisco (APP) Giants batting - Pitching for Helena Brewers : RHP Junzo Yanagisawa
Batting: RHB Josh Truell 0-0: Hit by Pitch
Pinch Runner at 1st Malik Sharpless:
Batting: RHB Ryan Roberts 0-0: Ball
Malik Sharpless steals 2nd base
1-0: Ground out 6-3 (Groundball, 6, EV 104.4 MPH)
Batting: RHB Brian Rogers 0-0: Swinging Strike
0-1: Swinging Strike
0-2: Ball
1-2: Foul Ball, location: 2F
1-2: Foul Ball, location: 2F
1-2: SINGLE (Line Drive, 78S, EV 93.1 MPH)
Malik Sharpless to third
Runner from 3rd tries for Home, SAFE, throw by LF to home
Batting: RHB Edwin Verdugo 0-0: Called Strike
Brian Rogers steals 2nd, throwing error, E2
Brian Rogers to third
0-1: Ball
1-1: Called Strike
1-2: Ball
2-2: SINGLE (Line Drive, 78S, EV 88.1 MPH)
Brian Rogers scores
Batting: RHB Billy Pranger 0-0: Ball
1-0: Ball
2-0: Ball
3-0: Called Strike
3-1: Swinging Strike
3-2: Foul Ball, location: 2F
3-2: Strikes out swinging
Batting: LHB Steve Nevis 0-0: Foul Ball, location: 2F
0-1: Ball
1-1: Ground out 5-3 (Groundball, 15, EV 81.2 MPH)
Bottom of the 3rd over - 2 runs, 2 hits, 1 error, 1 left on base; Helena 0 - San Francisco (APP) 2
TOP OF THE 4TH
Helena Brewers batting - Pitching for San Francisco (APP) Giants : RHP Carlos Solis
Now at 2B: Malik Sharpless
Batting: RHB Jeremy Harden 0-0: Ground out 6-3 (Groundball, 6, EV 83.8 MPH)
Batting: LHB Greg Reedy 0-0: Ball
1-0: Foul Ball, location: 2F
1-1: Called Strike
1-2: Ground out U3 (Groundball, 3L, EV 90.0 MPH)
Batting: RHB Tony Beaumond 0-0: Ball
1-0: Foul Ball, location: 2F
1-1: Ball
2-1: Ball
3-1: Called Strike
3-2: Base on Balls
Batting: LHB Danny Bautista 0-0: Foul Ball, location: 2F
0-1: Foul Ball, location: 2F
0-2: Ball
1-2: Ball
2-2: Ball
3-2: Strikes out swinging
Top of the 4th over - 0 runs, 0 hits, 0 errors, 1 left on base; Helena 0 - San Francisco (APP) 2
BOTTOM OF THE 4TH
San Francisco (APP) Giants batting - Pitching for Helena Brewers : RHP Junzo Yanagisawa
Batting: RHB Zach Maguire 0-0: Ball
1-0: Ball
2-0: Swinging Strike
2-1: Swinging Strike
2-2: Strikes out swinging
Batting: RHB Teruhide Horiuchi 0-0: Ball
1-0: Foul Ball, location: 2F
1-1: Ball
2-1: Swinging Strike
2-2: Strikes out looking
Batting: RHB Joe Nelson 0-0: Ball
1-0: Ball
2-0: Fly out, F8 (Flyball, 8LM, EV 98.8 MPH)
Bottom of the 4th over - 0 runs, 0 hits, 0 errors, 0 left on base; Helena 0 - San Francisco (APP) 2
TOP OF THE 5TH
Helena Brewers batting - Pitching for San Francisco (APP) Giants : RHP Carlos Solis
Batting: LHB Jose Simental 0-0: Ball
1-0: Ball
2-0: Bunt missed!
2-1: Ball
3-1: Called Strike
3-2: Strikes out looking
Pitching: LHP Jeff Briggs
Batting: RHB Jesus Menjivar 0-0: Called Strike
0-1: Foul Ball, location: 2F
0-2: Ball
1-2: Strikes out swinging
Batting: RHB Mohammed bin Ubaida 0-0: Ball
1-0: Called Strike
1-1: Called Strike
1-2: Hit by Pitch
Batting: RHB Steve Errico 0-0: Ball
1-0: Ball
2-0: Ball
3-0: Called Strike
3-1: Fielders Choice at 2nd, 6-4 (Groundball, 6, EV 87.5 MPH)
Top of the 5th over - 0 runs, 0 hits, 0 errors, 1 left on base; Helena 0 - San Francisco (APP) 2
BOTTOM OF THE 5TH
San Francisco (APP) Giants batting - Pitching for Helena Brewers : RHP Junzo Yanagisawa
Batting: RHB Malik Sharpless 0-0: Ball
1-0: Ball
2-0: Called Strike
2-1: Ball
3-1: Foul Ball, location: 2F
3-2: Ground out 6-3 (Groundball, 56, EV 88.8 MPH)
Batting: RHB Ryan Roberts 0-0: Called Strike
0-1: Ball
1-1: Ball
2-1: Ball
3-1: Foul Ball, location: 2F
3-2: Foul Ball, location: 2F
3-2: Foul Ball, location: 2F
3-2: Foul Ball, location: 2F
3-2: Ground out 5-3 (Groundball, 56, EV 108.1 MPH)
Batting: RHB Brian Rogers 0-0: Ball
1-0: Foul Ball, location: 2F
1-1: Foul Ball, location: 2F
1-2: Ball
2-2: Foul Ball, location: 2F
2-2: Ball
3-2: Base on Balls
Pitching: RHP Josh Pelletier
Batting: RHB Edwin Verdugo Pickoff Throw to First - Out! 1-3
Bottom of the 5th over - 0 runs, 0 hits, 0 errors, 0 left on base; Helena 0 - San Francisco (APP) 2
TOP OF THE 6TH
Helena Brewers batting - Pitching for San Francisco (APP) Giants : LHP Jeff Briggs
Batting: LHB Mark Backstrom 0-0: Ball
1-0: Called Strike
1-1: Ball
2-1: Fly out, F3 (Line Drive, 3L, EV 71.9 MPH)
Batting: RHB Jeremy Harden 0-0: Ball
1-0: SINGLE (Line Drive, 7S, EV 101.9 MPH)
Pitching: LHP Ricky Coats
Batting: LHB Greg Reedy 0-0: Foul Ball, location: 2F
0-1: Ball
Wild Pitch!
Jeremy Harden to second
1-1: Called Strike
1-2: Strikes out swinging
Batting: RHB Tony Beaumond 0-0: Ball
1-0: Called Strike
1-1: Foul Ball, location: 2F
1-2: Ground out 1-3 (Groundball, 34S, EV 75.6 MPH)
Top of the 6th over - 0 runs, 1 hit, 0 errors, 1 left on base; Helena 0 - San Francisco (APP) 2
BOTTOM OF THE 6TH
San Francisco (APP) Giants batting - Pitching for Helena Brewers : RHP Josh Pelletier
Batting: RHB Edwin Verdugo 0-0: Ball
1-0: Called Strike
1-1: Ground out 4-3 (Groundball, 4S, EV 69.4 MPH)
Batting: RHB Billy Pranger 0-0: Called Strike
0-1: Ball
1-1: Swinging Strike
1-2: Strikes out swinging
Batting: LHB Steve Nevis 0-0: Called Strike
0-1: Called Strike
0-2: Foul Ball, location: 2F
0-2: Ball
1-2: SINGLE (Groundball, 4MD, EV 103.1 MPH)
Batting: RHB Zach Maguire 0-0: Ball
Steve Nevis is caught stealing 2nd base 2-4
Bottom of the 6th over - 0 runs, 1 hit, 0 errors, 0 left on base; Helena 0 - San Francisco (APP) 2
TOP OF THE 7TH
Helena Brewers batting - Pitching for San Francisco (APP) Giants : LHP Ricky Coats
Now at 1B: Jason Gregor
Now at 3B: Teruhide Horiuchi
Now in CF: Harry Dickson
Batting: LHB Danny Bautista 0-0: Ball
1-0: Ball
2-0: Fly out, F8 (Flyball, 8LS, EV 91.9 MPH)
Batting: LHB Jose Simental 0-0: Foul Ball, location: 2F
0-1: Swinging Strike
0-2: Foul Ball, location: 2F
0-2: Ball
1-2: Strikes out swinging
Batting: RHB Jesus Menjivar 0-0: Foul Ball, location: 2F
0-1: Called Strike
0-2: Ball
1-2: Foul Ball, location: 2F
1-2: Foul Ball, location: 2F
1-2: Strikes out swinging
Top of the 7th over - 0 runs, 0 hits, 0 errors, 0 left on base; Helena 0 - San Francisco (APP) 2
BOTTOM OF THE 7TH
San Francisco (APP) Giants batting - Pitching for Helena Brewers : RHP Josh Pelletier
Batting: RHB Zach Maguire 0-0: Ground out 5-3 (Groundball, 56, EV 81.9 MPH)
Batting: RHB Teruhide Horiuchi 0-0: SINGLE (Line Drive, 9LS, EV 113.8 MPH)
Pitching: RHP Zachery Waff
Batting: RHB Joe Nelson 0-0: Ball
Teruhide Horiuchi is caught stealing 2nd base 2-4
1-0: Called Strike
1-1: Foul Ball, location: 2F
1-2: Ball
2-2: Foul Ball, location: 2F
2-2: Foul Ball, location: 2F
2-2: Foul Ball, location: 2F
2-2: Strikes out swinging
Bottom of the 7th over - 0 runs, 1 hit, 0 errors, 0 left on base; Helena 0 - San Francisco (APP) 2
TOP OF THE 8TH
Helena Brewers batting - Pitching for San Francisco (APP) Giants : LHP Ricky Coats
Pitching: LHP Christian Rogers
Batting: RHB Mohammed bin Ubaida 0-0: Ball
1-0: Called Strike
1-1: Ball
2-1: Called Strike
2-2: Ball
3-2: DOUBLE (Flyball, 8LD, EV 98.8 MPH)
Batting: RHB Steve Errico 0-0: Ball
1-0: Ball
2-0: Called Strike
2-1: Called Strike
2-2: Foul Ball, location: 2F
2-2: Strikes out swinging
Batting: LHB Mark Backstrom 0-0: Ball
1-0: Ball
2-0: Ball
3-0: Base on Balls
Batting: RHB Jeremy Harden 0-0: Called Strike
0-1: Swinging Strike
0-2: Strikes out swinging
Batting: LHB Greg Reedy 0-0: Called Strike
0-1: Called Strike
0-2: Strikes out swinging
Top of the 8th over - 0 runs, 1 hit, 0 errors, 2 left on base; Helena 0 - San Francisco (APP) 2
BOTTOM OF THE 8TH
San Francisco (APP) Giants batting - Pitching for Helena Brewers : RHP Zachery Waff
Batting: RHB Malik Sharpless 0-0: Called Strike
0-1: Called Strike
0-2: Ball
1-2: Ground out 6-3 (Groundball, 6S, EV 86.2 MPH)
Batting: RHB Ryan Roberts 0-0: Called Strike
0-1: Ball
1-1: Ball
2-1: Foul Ball, location: 2F
2-2: Strikes out swinging
Batting: RHB Jason Gregor 0-0: Swinging Strike
0-1: Called Strike
0-2: Ball
1-2: Foul Ball, location: 2F
1-2: Strikes out swinging
Bottom of the 8th over - 0 runs, 0 hits, 0 errors, 0 left on base; Helena 0 - San Francisco (APP) 2
TOP OF THE 9TH
Helena Brewers batting - Pitching for San Francisco (APP) Giants : LHP Christian Rogers
Pitching: RHP Sergio Silva
Batting: RHB Tony Beaumond 0-0: Foul Ball, location: 2F
0-1: Ground out 6-3 (Groundball, 6S, EV 84.4 MPH)
Batting: LHB Danny Bautista 0-0: Ball
1-0: Ball
2-0: Foul Ball, location: 2F
2-1: Called Strike
2-2: Strikes out looking
Batting: LHB Jose Simental 0-0: Ball
1-0: Ball
2-0: DOUBLE (Groundball, 5L, EV 108.1 MPH)
Pinch Hitting: LHB Steven Donovan 0-0: Called Strike
0-1: Ball
1-1: Foul Ball, location: 2F
1-2: Ball
2-2: Ball
3-2: Base on Balls
Pinch Hitting: LHB Dusty Bryant 0-0: Ball
1-0: Called Strike
1-1: Ball
2-1: Ball
3-1: Base on Balls
Jose Simental to third
Steven Donovan to second
Batting: RHB Steve Errico 0-0: Foul Ball, location: 2F
0-1: Foul Ball, location: 2F
0-2: Strikes out looking
Top of the 9th over - 0 runs, 1 hit, 0 errors, 3 left on base; Helena 0 - San Francisco (APP) 2
Thursday, December 15th , 2022 - OOTP Baseball 23.9 Build 102